 Dungeon Crawl Stone Soup version 0.22-a0-44-geb883ae (webtiles) character file.

293 KristoblXynda the Slasher (level 6, -1/52 HPs)
             Began as a Naga Gladiator on Jan 6, 2018.
             Slain by a killer bee (4 damage)
             ... on level 6 of the Dungeon.
             The game lasted 00:04:57 (2502 turns).

KristoblXynda the Slasher (Naga Gladiator)          Turns: 2502, Time: 00:04:57

Health: -1/52      AC:  5    Str: 22    XL:     6   Next: 33%
Magic:  6/6        EV: 10    Int: 10    God:
Gold:   31         SH:  0    Dex: 15    Spells: 5/5 levels left

rFire    . . .     SeeInvis +   a - +0 long sword
rCold    . . .     Gourm    .   (no shield)
rNeg     . . .     Faith    .   k - +0 ring mail
rPois    +         Spirit   .   (helmet restricted)
rElec    .         Reflect  .   (no cloak)
rCorr    .         Harm     .   (no gloves)
MR       +....                  (no barding)
Stlth    ++........             (no amulet)
HPRegen  0.17/turn              j - ring of flight
MPRegen  0.10/turn              n - +3 ring of dexterity

@: mighty, short of breath, very slightly contaminated, invisible, very slow
A: large, antennae 1, see invisible, blink, deformed body, magic resistance 1,
poison resistance, slowness 2, slow metabolism 1, spit poison 1, AC +2
a: Spit Poison, Blink, Evoke Flight


You were on level 6 of the Dungeon.
You were not hungry.

You visited 1 branch of the dungeon, and saw 5 of its levels.

You collected 31 gold pieces.

Inventory:

Hand Weapons
 a - a +0 long sword (weapon)
Missiles
 d - 3 throwing nets (quivered)
Armour
 c - a +0 helmet
 k - a +0 ring mail (worn)
Jewellery
 j - a ring of flight (left hand)
 n - a +3 ring of dexterity (right hand)
 p - an uncursed ring of protection from cold {unknown}
Scrolls
 e - 2 scrolls of enchant weapon {unknown}
 h - a scroll of blinking
 i - a scroll of remove curse
 l - a scroll of identify
 t - a scroll of magic mapping {unknown}
 u - a scroll of amnesia {unknown}
Potions
 m - a potion of flight
Comestibles
 f - 7 rations


   Skills:
 - Level 2.0 Fighting
 + Level 4.4 Long Blades
 - Level 2.0 Throwing
 + Level 2.2 Armour
 + Level 3.6 Dodging
 + Level 3.4 Stealth


You had 5 spell levels left.
You didn't know any spells.

Dungeon Overview and Level Annotations

Branches:
Dungeon (6/15)
 Temple: D:4-7

Altars:
Fedhas
The Shining One


Innate Abilities, Weirdness & Mutations

You cannot wear boots.
Your serpentine skin is tough. (AC +2)
You have supernaturally acute eyesight. (SInv)
Armour fits poorly on your strangely shaped body.
Your system is resistant to poisons. (rPois)
You cover ground very slowly.
You have a slow metabolism.
You can spit poison.
You have a pair of small antennae on your head.
You can translocate small distances at will.
You are resistant to hostile enchantments. (MR+)


Message History

The killer bee stings you.
* * * LOW HITPOINT WARNING * * *
You miss the killer bee. The killer bee closely misses you.
The killer bee stings you but does no damage.
Press: ? - help, Shift-Dir - straight line, f - killer bee
Aim: a killer bee The splash of poison misses the killer bee. x2
You feel slightly more hungry. The killer bee stings you.
* * * LOW HITPOINT WARNING * * *
The killer bee stings you but does no damage.
Unknown command.
You completely miss the killer bee. The killer bee barely misses you.
The killer bee stings you.
* * * LOW HITPOINT WARNING * * *
The killer bee stings you.
* * * LOW HITPOINT WARNING * * *
Unknown command.
You fade into invisibility!
The killer bee stings you.
You die...

## .# .########
........##########
..#####..........# .##
##########@# .# #y### .#
##yy.# ## ####....# #
########....#..# #
#.....##.##....# ####
#####.....##.###.#.##.....
....#........# #..........
###.#.....#### #.#†#..y...


You could see 3 killer bees.

Vanquished Creatures
  A killer bee (D:6)
  A hound (D:5)
  Terence (D:2)
  An orc wizard (D:3)
  5 adders
  4 gnolls (D:6)
  An ooze (D:2)
  3 dart slugs (D:1)
  2 leopard geckos
  11 orcs (D:3)
  4 bats
  A giant cockroach (D:1)
  6 goblins
  7 hobgoblins
  4 jackals (D:2)
  A quokka (D:3)
  3 ball pythons
  3 frilled lizards
  3 kobolds
  9 rats
71 creatures vanquished.

Notes
Turn   | Place    | Note
-------+----------+-------------------------------------------
     0 | D:1      | KristoblXynda the Naga Gladiator began the quest for the Orb.
     0 | D:1      | Reached XP level 1. HP: 19/19 MP: 1/1
    99 | D:1      | Reached XP level 2. HP: 19/26 MP: 2/2
   324 | D:1      | Reached XP level 3. HP: 22/32 MP: 3/3
   670 | D:2      | Noticed Terence
   691 | D:2      | Killed Terence
   691 | D:2      | Reached skill level 1 in Armour
   691 | D:2      | Reached XP level 4. HP: 31/39 MP: 4/4
  1125 | D:2      | Found a faded altar of an unknown god.
  1362 | D:2      | Found a glowing golden altar of the Shining One.
  1490 | D:3      | Reached skill level 1 in Stealth
  1589 | D:3      | Reached XP level 5. HP: 36/45 MP: 5/5
  1748 | D:3      | Reached skill level 4 in Long Blades
  2118 | D:3      | Found a blossoming altar of Fedhas.
  2182 | D:3      | You fall through a shaft for 2 floors!
  2182 | D:5      | Entered Level 5 of the Dungeon
  2223 | D:6      | Reached XP level 6. HP: 21/52 MP: 6/6
  2493 | D:6      | Gained mutation: You have a pair of small antennae on your head. [potion of mutation]
  2493 | D:6      | Gained mutation: You can translocate small distances at will. [potion of mutation]
  2493 | D:6      | Gained mutation: You are resistant to hostile enchantments. (MR+) [potion of mutation]
  2502 | D:6      | Slain by a killer bee

Vault maps used:
D:1:      eino_arrival_cavern_a, hangedman_abyss_or_decor_stabs,
          kennysheep_nondescript, serial_bayou_crossing
D:2:      lemuel_doored_altar, chequers_ecumenical_altar_simple_redux,
          uniq_terence
D:3:      lemuel_coloured_pillars_altar, marbit_many_paths, first_ration,
          minmay_ruptured, uniq_sigmund
D:5:      kennysheep_windowed_halls, kennysheep_slug_shrine,
          minmay_temple_entry_poolview, hangedman_ru_absence
D:6:      elyvilon_altar_5

Skill      XL: |  1  2  3  4  5 |
---------------+----------------+-----
Throwing       | 2 |  2.0
Armour         | 1 2 |  2.2
Dodging        | 3 |  3.6
Stealth        | 1 3 |  3.4
Long Blades    | 4 |  4.4
Fighting       | |  2.0

Action                   |  1- 3 |  4- 6 || total
-------------------------+-------+-------++-------
Melee: Long sword        |    63 |   133 ||   196
 Abil: Spit Poison       |     6 |    10 ||    16
  Use: Scroll            |       |     7 ||     7
       Potion            |       |     9 ||     9
 Stab: Sleeping          |       |     2 ||     2
       Invisible         |       |     3 ||     3
  Eat: Chunk             |       |     5 ||     5
Armor: Leather armour    |    17 |     6 ||    23
       Ring mail         |       |    74 ||    74
Dodge: Dodged            |    51 |   130 ||   181
       Rpst.: Long sword |    14 |    42 ||    56

Table legend:
 A = Spawn XP
 B = Non-spawn XP
 C = Spawn XP percentage of total XP
 D = Spawn monster count
 E = Non-spawn monster count
 F = Spawn count percentage of total count
 G = Total turns spent on level
                    A         B        C        D         E        F      G
               +---------+---------+-------+---------+---------+-------+---------
         Total |       0 |     419 |   0.0 |       0 |      71 |   0.0 |  2502
               +---------+---------+-------+---------+---------+-------+---------
           D:1 |       0 |      46 |   0.0 |       0 |      23 |   0.0 |   618
           D:2 |       0 |      74 |   0.0 |       0 |      13 |   0.0 |   820
           D:3 |       0 |     139 |   0.0 |       0 |      29 |   0.0 |   744
           D:5 |       0 |      43 |   0.0 |       0 |       1 |   0.0 |    30
           D:6 |       0 |     117 |   0.0 |       0 |       5 |   0.0 |   290
               +---------+---------+-------+---------+---------+-------+---------
